 Dungeon Crawl Stone Soup version 0.28-a0-537-g3bccd9ccbf (webtiles) character file.

Game seed: 17728639848615413942

111 Tocho the Ogre Mage (level 4, -6/42 HPs)
             Began as an Ogre Fire Elementalist on Sept 27, 2021.
             Mangled by a gnoll (11 damage)
             ... on level 3 of the Dungeon.
             The game lasted 00:05:48 (2506 turns).

Tocho the Ogre Mage (Ogre Fire Elementalist)        Turns: 2506, Time: 00:05:48

Health: -6/42      AC:  3    Str: 12    XL:     4   Next: 92%
Magic:  2/9        EV: 10    Int: 17    God:
Gold:   34         SH:  0    Dex:  9    Spells: 6/9 levels left

rFire   . . .      SeeInvis .   b - +1 trident
rCold   . . .      Faith    .   (no shield)
rNeg    . . .      Spirit   .   a - +0 robe
rPois   .          Reflect  .   (helmet restricted)
rElec   .          Harm     .   (no cloak)
rCorr   .          Rampage  .   (gloves unavailable)
Will    .....                   (boots unavailable)
Stlth   ++........              (no amulet)
HPRegen 0.14/turn               (no ring)
MPRegen 0.11/turn               (no ring)

@: flying
A: large, unfitting armour, tough skin 1
a: no special abilities


You were on level 3 of the Dungeon.
You visited 1 branch of the dungeon, and saw 3 of its levels.

You collected 34 gold pieces.

Inventory:

Hand Weapons
 b - a +1 trident (weapon)
Armour
 a - a +0 robe (worn)
Scrolls
 d - 2 scrolls of teleportation
 i - a scroll of fear {unknown}
 j - a scroll of enchant armour {unknown}
 k - 2 scrolls of identify
Potions
 c - a potion of ambrosia
 g - a potion of degeneration {unknown}
 h - a potion of attraction {unknown}
 l - a potion of resistance {unknown}
 m - a potion of lignification {unknown}
 n - a potion of haste {unknown}


   Skills:
 * Level 2.0 Fighting
 + Level 1.8 Polearms
 + Level 2.3 Dodging
 - Level 1.6 Stealth
 + Level 3.3 Spellcasting
 + Level 1.0 Conjurations
 + Level 3.1 Fire Magic


You had 6 spell levels left.
You knew the following spells:

 Your Spells              Type           Power      Damage    Failure   Level
a - Foxfire               Conj/Fire      36%        2x1d5     7%          1
b - Scorch                Fire           26%        2d6       7%          2

Your spell library contained the following spells:

 Spells                   Type           Power      Damage    Failure   Level
 Conjure Flame            Conj/Fire      9%         6-21      22%         3
 Inner Flame              Hex/Fire       8%         N/A       26%         3
 Flame Wave               Conj/Fire      9%         3d4       56%         4
 Olgreb's Toxic Radiance  Pois           2%         N/A       86%         4
 Summon Cactus Giant      Summ           1%         N/A       100%        6
 Ozocubu's Refrigeration  Ice            1%         4d5       100%        7
 Ignition                 Fire           6%         3d4       100%        8


Dungeon Overview and Level Annotations

Branches:
Dungeon (3/15)

Altars:

Shops:
D:2 :


Innate Abilities, Weirdness & Mutations

You are too large for most types of armour.
You have tough skin. (AC +1)


Message History

It was a potion of curing.
You feel better. The gnoll hits you with a +0 halberd!
You hit the orc.
The orc is severely wounded.
The gnoll hits you with a +0 halberd!
* * * LOW HITPOINT WARNING * * *
The orc hits you but does no damage.
You hit the orc.
You kill the orc!
The orc is no longer more vulnerable to fire.
The gnoll misses you. The gnoll closely misses you.
You hit the orc.
You kill the orc!
The gnoll barely misses you. The gnoll barely misses you.
Things that are here:
a +0 war axe; a +0 whip; an orc corpse You hit the orc.
The orc is lightly wounded.
The gnoll hits you from afar with a +0 halberd.
* * * LOW HITPOINT WARNING * * *
The orc misses you.
You hit the orc.
The orc is almost dead.
The gnoll barely misses you. The orc hits you with a +0 dagger.
* * * LOW HITPOINT WARNING * * *
You puncture the orc!
You kill the orc!
The gnoll barely misses you.
Things that are here:
a +0 dagger; an orc corpse The gnoll misses you.
A ball python comes into view.
The ball python hisses angrily.
Casting: Scorch (safe; 7% risk of failure)
Confirm with . or Enter, or press ? or * to list all spells.
Flames lash the ball python.
You kill the ball python!
The gnoll hits you from afar with a +0 halberd!
You die...

######
#.†@.#
#.##.#
# #g#
#.#
.##
#.# ≈
.....
#.# ≈
...
#.# ≈.
...
#.# ≈.
#[.
#.#


You could see a gnoll.

Vanquished Creatures
  4 adders (D:2)
  2 gnolls (D:3)
  3 orcs (D:3)
  4 bats
  4 endoplasms (D:2)
  3 giant cockroaches (D:1)
  6 goblins
  5 hobgoblins
  7 kobolds
  5 quokkas
  3 ball pythons
  A frilled lizard (D:2)
  A rat (D:3)
48 creatures vanquished.

Vanquished Creatures (others)
  34 foxfires
34 creatures vanquished.

Grand Total: 82 creatures vanquished

Notes
Turn   | Place    | Note
-------+----------+-------------------------------------------
     0 | D:1      | Tocho the Ogre Fire Elementalist began the quest for the
                  | Orb.
     0 | D:1      | Reached XP level 1. HP: 16/16 MP: 3/3
    54 | D:1      | Found a faded altar of an unknown god.
   240 | D:1      | Reached XP level 2. HP: 24/24 MP: 0/5
   243 | D:1      | Learned a level 2 spell: Scorch
  1199 | D:1      | Reached XP level 3. HP: 29/32 MP: 7/7
  1233 | D:1      | Reached skill level 1 in Polearms
  1336 | D:2      | Reached skill level 1 in Fighting
  1725 | D:2      | Reached XP level 4. HP: 41/41 MP: 5/8
  1913 | D:2      | Found Nocesk's Book Shoppe.
  2458 | D:3      | Reached skill level 1 in Conjurations
  2485 | D:3      | HP: 2/42 [orc (3)]
  2506 | D:3      | Mangled by a gnoll

Illustrated notes

Levels and vault maps discovered:
D:1:      ebering_trefoil_3fold, layout_rooms, dreamdust_ecumenical_altar_grove,
          serial_rivers, chequers_serial_rivers_micro_c,
          chequers_serial_rivers_small_b, chequers_serial_rivers_micro_c,
          chequers_serial_rivers_large_b, chequers_serial_rivers_micro_a
D:2:      minmay_general_purpose_star, layout_loops_cross, serial_shops, shop
D:3:      layout_basic, nicolae_overflow_hidden_temple,
          mainiacjoe_overflow_concentric_impassable

Skill      XL: |  1  2  3  4 |
---------------+-------------+-----
Dodging        | 2 |  2.3
Polearms       | 1 |  1.8
Spellcasting   | 3 |  3.3
Fighting       | 1 2 |  2.0
Fire Magic     | 3 |  3.1
Conjurations   | 1 |  1.0
Stealth        | |  1.6

Action                   |  1- 3 |  4- 6 || total
-------------------------+-------+-------++-------
Melee: Trident           |    62 |    24 ||    86
 Cast: Foxfire           |    12 |     7 ||    19
       Scorch            |    18 |     9 ||    27
  Use: Scroll            |     3 |       ||     3
       Potion            |       |     2 ||     2
 Stab: Sleeping          |     2 |       ||     2
Armor: Robe              |    21 |     3 ||    24
Dodge: Dodged            |    32 |    20 ||    52

Table legend: (Time is in decaauts)
 A = Elapsed time spent in this place.
 B = Non-inter-level travel time spent in this place.
 C = Inter-level travel time spent in this place.
 D = Time resting spent in this place.
 E = Time spent auto-exploring this place.
 F = Levels seen in this place.
 G = Mean time per level.
                   A        B        C        D        E       F      G
               +--------+--------+--------+--------+--------+-----+--------+
         Total |   2555 |   2542 |     13 |    416 |   1759 |   3 |  851.7 |
       Dungeon |   2555 |   2542 |     13 |    416 |   1759 |   3 |  851.7 |
               +--------+--------+--------+--------+--------+-----+--------+

Top non-repeatable levels by time:
     D:1: 1314 daAuts
     D:2: 1076 daAuts
     D:3: 164 daAuts
